3L
NEW AMSTERDAM DUTCHMEN @ PORTLAND EVERGREENS
05/20/2027
 
TOP OF THE 1ST
New Amsterdam Dutchmen batting - Pitching for Portland Evergreens : RHP Ryan Peterson
Pitching: RHP Ryan Peterson
Batting: RHB Enrique Morales 0-0: Ground out 5-3 (Groundball, 5)
Batting: RHB Menno van de Vlugt 0-0: Ball
1-0: Ball
2-0: Ball
3-0: Called Strike
3-1: Base on Balls
Batting: LHB Félix López 0-0: Ball
1-0: Ball
2-0: Ball
3-0: Base on Balls
Menno van de Vlugt to second
Batting: RHB Hank Wilder 0-0: Ball
1-0: Ball
2-0: 3-RUN HOME RUN (Flyball, 7D), Distance : 394 ft
Batting: LHB Eric Ward 0-0: Ball
1-0: Called Strike
1-1: Fly out, F7 (Flyball, 78M)
Batting: RHB Alfredo Suárez 0-0: Called Strike
0-1: Ball
1-1: Ball
2-1: SINGLE (Line Drive, 78S)
Batting: LHB Steve Ingram 0-0: Ball
1-0: Fly out, F8 (Flyball, 8RD)
Top of the 1st over - 3 run(s), 2 hit(s), 0 error(s), 1 left on base; New Amsterdam 3 - Portland 0
BOTTOM OF THE 1ST
Portland Evergreens batting - Pitching for New Amsterdam Dutchmen : LHP António Hernández
Pitching: LHP António Hernández
Batting: RHB Silvio Bonauiti 0-0: Called Strike
0-1: Foul Ball, location: 2F
0-2: Ball
1-2: Fly out, F8 (Flyball, 8LD)
Batting: LHB Gabriel Díaz 0-0: Ball
1-0: Ball
2-0: Ball
3-0: Called Strike
3-1: Foul Ball, location: 2F
3-2: Ground out 1-3 (Groundball, P)
Batting: LHB John Ennis 0-0: Called Strike
0-1: Ball
1-1: Foul Ball, location: 2F
1-2: Fly out, F4 (Popup, 3D)
Bottom of the 1st over - 0 run(s), 0 hit(s), 0 error(s), 0 left on base; New Amsterdam 3 - Portland 0
TOP OF THE 2ND
New Amsterdam Dutchmen batting - Pitching for Portland Evergreens : RHP Ryan Peterson
Batting: RHB John Burton 0-0: Ball
1-0: Called Strike
1-1: Foul Ball, location: 2F
1-2: Ball
2-2: Ball
3-2: Strikes out looking
Batting: RHB Andrés Gonzáles 0-0: Foul Ball, location: 2F
0-1: Fly out, F9 (Flyball, 9)
Batting: RHB Enrique Morales 0-0: Ball
1-0: Ball
2-0: Ball
3-0: Called Strike
3-1: Foul Ball, location: 2F
3-2: Fly out, F6 (Popup, 6M)
Top of the 2nd over - 0 run(s), 0 hit(s), 0 error(s), 0 left on base; New Amsterdam 3 - Portland 0
BOTTOM OF THE 2ND
Portland Evergreens batting - Pitching for New Amsterdam Dutchmen : LHP António Hernández
Batting: LHB José Ruíz 0-0: Called Strike
0-1: Called Strike
0-2: Ball
1-2: Ball
2-2: Fly out, F7 (Flyball, 7LM)
Batting: SHB Chris Williamson 0-0: Ball
1-0: Fly out, F8 (Flyball, 8LS)
Batting: RHB Ty Struck 0-0: Fly out, F8 (Flyball, 8RXD)
Bottom of the 2nd over - 0 run(s), 0 hit(s), 0 error(s), 0 left on base; New Amsterdam 3 - Portland 0
TOP OF THE 3RD
New Amsterdam Dutchmen batting - Pitching for Portland Evergreens : RHP Ryan Peterson
Batting: RHB Menno van de Vlugt 0-0: Foul Ball, location: 2F
0-1: SINGLE (Groundball, 34D)
Batting: LHB Félix López 0-0: Ball
1-0: Swinging Strike
1-1: Called Strike
1-2: Ball
2-2: Ball
3-2: Base on Balls
Menno van de Vlugt to second
Batting: RHB Hank Wilder 0-0: Ball
1-0: Ball
2-0: SINGLE (Line Drive, 89M)
Menno van de Vlugt to third
Félix López to second
Batting: LHB Eric Ward 0-0: Called Strike
0-1: Ball
1-1: Foul Ball, location: 2F
1-2: Ball
2-2: Fly out, F9 (Flyball, 9LSF)
Runner from 3rd tags up, SCORES, no throw
Batting: RHB Alfredo Suárez 0-0: Ball
1-0: Swinging Strike
1-1: Foul Ball, location: 2F
1-2: Ball
2-2: Strikes out swinging
Batting: LHB Steve Ingram 0-0: Foul Ball, location: 2F
0-1: Ball
1-1: Foul Ball, location: 2F
1-2: Fly out, F9 (Line Drive, 9S)
Top of the 3rd over - 1 run(s), 2 hit(s), 0 error(s), 2 left on base; New Amsterdam 4 - Portland 0
BOTTOM OF THE 3RD
Portland Evergreens batting - Pitching for New Amsterdam Dutchmen : LHP António Hernández
Batting: RHB Darrell Terwey 0-0: Ball
1-0: Ball
2-0: Foul Ball, location: 2F
2-1: Ground out 6-3 (Groundball, 6)
Batting: SHB Adrián Pueblo 0-0: Called Strike
0-1: Fly out, F7 (Flyball, 7)
Batting: RHB Bubba Blevins 0-0: Fly out, F9 (Flyball, 9LSF)
Bottom of the 3rd over - 0 run(s), 0 hit(s), 0 error(s), 0 left on base; New Amsterdam 4 - Portland 0
TOP OF THE 4TH
New Amsterdam Dutchmen batting - Pitching for Portland Evergreens : RHP Ryan Peterson
Batting: RHB John Burton 0-0: Ball
1-0: Fly out, F7 (Line Drive, 7)
Batting: RHB Andrés Gonzáles 0-0: Called Strike
0-1: Swinging Strike
0-2: Ball
1-2: Foul Ball, location: 2F
1-2: Strikes out swinging
Batting: RHB Enrique Morales 0-0: Ball
1-0: Ball
2-0: Ground out 6-3 (Groundball, 6)
Top of the 4th over - 0 run(s), 0 hit(s), 0 error(s), 0 left on base; New Amsterdam 4 - Portland 0
BOTTOM OF THE 4TH
Portland Evergreens batting - Pitching for New Amsterdam Dutchmen : LHP António Hernández
Batting: RHB Silvio Bonauiti 0-0: Ball
1-0: Swinging Strike
1-1: Foul Ball, location: 2F
1-2: Ground out 5-3 (Groundball, 56S)
Batting: LHB Gabriel Díaz 0-0: Foul Ball, location: 2F
0-1: Foul Ball, location: 2F
0-2: Ball
1-2: Foul Ball, location: 2F
1-2: Strikes out swinging
Batting: LHB John Ennis 0-0: Fly out, F8 (Flyball, 8RM)
Bottom of the 4th over - 0 run(s), 0 hit(s), 0 error(s), 0 left on base; New Amsterdam 4 - Portland 0
TOP OF THE 5TH
New Amsterdam Dutchmen batting - Pitching for Portland Evergreens : RHP Ryan Peterson
Batting: RHB Menno van de Vlugt 0-0: Called Strike
0-1: Ball
1-1: Called Strike
1-2: Ball
2-2: Ball
3-2: Foul Ball, location: 2F
3-2: Ground out 1-3 (Groundball, 13)
Batting: LHB Félix López 0-0: Ball
1-0: Called Strike
1-1: Foul Ball, location: 2F
1-2: Foul Ball, location: 2F
1-2: DOUBLE (Flyball, 7LD)
Pitching: RHP William Waters
Batting: RHB Hank Wilder 0-0: Ball
1-0: Ball
2-0: SINGLE (Line Drive, 56D)
Félix López to third
Runner from 3rd tries for Home, SAFE, throw made home
Hank Wilder to second
Batting: LHB Eric Ward 0-0: Intentional Walk
Batting: RHB Alfredo Suárez 0-0: Fly out, F7 (Line Drive, 7)
Batting: LHB Steve Ingram 0-0: Called Strike
0-1: Called Strike
0-2: Strikes out swinging
Top of the 5th over - 1 run(s), 2 hit(s), 0 error(s), 2 left on base; New Amsterdam 5 - Portland 0
BOTTOM OF THE 5TH
Portland Evergreens batting - Pitching for New Amsterdam Dutchmen : LHP António Hernández
Batting: LHB José Ruíz 0-0: Called Strike
0-1: Ball
1-1: Foul Ball, location: 2F
1-2: Ball
2-2: Strikes out swinging
Batting: SHB Chris Williamson 0-0: Ball
1-0: SOLO HOME RUN (Line Drive, 7LD), Distance : 379 ft
Batting: RHB Ty Struck 0-0: Foul Ball, location: 2F
0-1: Ball
1-1: Fly out, F8 (Line Drive, 8LXD)
Batting: RHB Darrell Terwey 0-0: Foul Ball, location: 2F
0-1: SINGLE (Flyball, 8LS)
Batting: SHB Adrián Pueblo 0-0: Fly out, F8 (Flyball, 8LM)
Bottom of the 5th over - 1 run(s), 2 hit(s), 0 error(s), 1 left on base; New Amsterdam 5 - Portland 1
TOP OF THE 6TH
New Amsterdam Dutchmen batting - Pitching for Portland Evergreens : RHP William Waters
Batting: RHB John Burton 0-0: Ball
1-0: TRIPLE (Flyball, 89XD)
Batting: RHB Andrés Gonzáles 0-0: Ball
1-0: Ball
2-0: Called Strike
2-1: Foul Ball, location: 2F
2-2: Strikes out swinging
Batting: RHB Enrique Morales 0-0: Intentional Walk
Batting: RHB Menno van de Vlugt 0-0: Ball
1-0: Ball
2-0: Ball
3-0: Base on Balls
Enrique Morales to second
Batting: LHB Félix López 0-0: Ball
1-0: Ball
2-0: Foul Ball, location: 2F
2-1: Foul Ball, location: 2F
2-2: Strikes out swinging
Batting: RHB Hank Wilder 0-0: Ball
1-0: Foul Ball, location: 2F
1-1: SINGLE (Groundball, 56D)
John Burton scores
Enrique Morales to third
Menno van de Vlugt to second
Runner from 3rd tries for Home, SAFE, no throw
Batting: LHB Eric Ward 0-0: Ball
1-0: Ball
2-0: Ball
3-0: Base on Balls
Menno van de Vlugt to third
Hank Wilder to second
Batting: RHB Alfredo Suárez 0-0: Called Strike
0-1: Ball
1-1: Fielders Choice at 2nd, 6-4 (Groundball, 6)
Top of the 6th over - 2 run(s), 2 hit(s), 0 error(s), 2 left on base; New Amsterdam 7 - Portland 1
BOTTOM OF THE 6TH
Portland Evergreens batting - Pitching for New Amsterdam Dutchmen : LHP António Hernández
Batting: RHB Bubba Blevins 0-0: Ball
1-0: Swinging Strike
1-1: Swinging Strike
1-2: Ball
2-2: Ball
3-2: Foul Ball, location: 2F
3-2: Foul Ball, location: 2F
3-2: Strikes out swinging
Batting: RHB Silvio Bonauiti 0-0: Called Strike
0-1: Ball
1-1: Ball
2-1: Fly out, F9 (Flyball, 9S)
Batting: LHB Gabriel Díaz 0-0: SINGLE (Groundball, 6MD)
Batting: LHB John Ennis 0-0: Ball
1-0: Called Strike
1-1: Swinging Strike
1-2: Foul Ball, location: 2F
1-2: Foul Ball, location: 2F
1-2: Strikes out swinging
Bottom of the 6th over - 0 run(s), 1 hit(s), 0 error(s), 1 left on base; New Amsterdam 7 - Portland 1
TOP OF THE 7TH
New Amsterdam Dutchmen batting - Pitching for Portland Evergreens : RHP William Waters
Batting: LHB Steve Ingram 0-0: Swinging Strike
0-1: Called Strike
0-2: Strikes out swinging
Batting: RHB John Burton 0-0: Called Strike
0-1: Ball
1-1: Ground out U3 (Groundball, 34)
Batting: RHB Andrés Gonzáles 0-0: Swinging Strike
0-1: Swinging Strike
0-2: Ball
1-2: Strikes out swinging
Top of the 7th over - 0 run(s), 0 hit(s), 0 error(s), 0 left on base; New Amsterdam 7 - Portland 1
BOTTOM OF THE 7TH
Portland Evergreens batting - Pitching for New Amsterdam Dutchmen : LHP António Hernández
Batting: LHB José Ruíz 0-0: Swinging Strike
0-1: DOUBLE (Line Drive, 7LM)
Batting: SHB Chris Williamson 0-0: Ball
1-0: Ground out 5-3 (Groundball, 56S)
José Ruíz to third
Batting: RHB Ty Struck 0-0: Called Strike
0-1: Called Strike
Steal of home, José Ruíz is out
0-2: Fly out, F7 (Flyball, 7)
Bottom of the 7th over - 0 run(s), 1 hit(s), 0 error(s), 0 left on base; New Amsterdam 7 - Portland 1
TOP OF THE 8TH
New Amsterdam Dutchmen batting - Pitching for Portland Evergreens : RHP William Waters
Pitching: RHP Vincente Ortíz
Batting: RHB Enrique Morales 0-0: Called Strike
0-1: Ball
1-1: Ball
2-1: Fly out, F5 (Line Drive, 6S)
Batting: RHB Menno van de Vlugt 0-0: Ball
1-0: Ball
2-0: Foul Ball, location: 2F
2-1: Ball
3-1: Swinging Strike
3-2: Foul Ball, location: 2F
3-2: Base on Balls
Batting: LHB Félix López 0-0: Ball
1-0: Grounds into double play, 6-4-3 (Groundball, 6)
Top of the 8th over - 0 run(s), 0 hit(s), 0 error(s), 0 left on base; New Amsterdam 7 - Portland 1
BOTTOM OF THE 8TH
Portland Evergreens batting - Pitching for New Amsterdam Dutchmen : LHP António Hernández
Batting: RHB Darrell Terwey 0-0: Ball
1-0: Called Strike
1-1: Foul Ball, location: 2F
1-2: Fly out, F2 (Popup, 15)
Batting: SHB Adrián Pueblo 0-0: Called Strike
0-1: Foul Ball, location: 2F
0-2: Ball
1-2: Ball
2-2: Strikes out swinging
Batting: RHB Bubba Blevins 0-0: Called Strike
0-1: Ball
1-1: Ground out 6-3 (Groundball, 6)
Bottom of the 8th over - 0 run(s), 0 hit(s), 0 error(s), 0 left on base; New Amsterdam 7 - Portland 1
TOP OF THE 9TH
New Amsterdam Dutchmen batting - Pitching for Portland Evergreens : RHP Vincente Ortíz
Pitching: RHP Fernando Ramírez
Batting: RHB Hank Wilder 0-0: Foul Ball, location: 2F
0-1: Ball
1-1: Foul Ball, location: 2F
1-2: Ball
2-2: Foul Ball, location: 2F
2-2: Foul Ball, location: 2F
2-2: Strikes out looking
Batting: LHB Eric Ward 0-0: Ball
1-0: Foul Ball, location: 2F
1-1: Ball
2-1: Ball
3-1: Swinging Strike
3-2: Base on Balls
Batting: RHB Alfredo Suárez 0-0: Called Strike
0-1: Swinging Strike
0-2: Fielders Choice at 2nd, 6-4 (Groundball, 6)
Batting: LHB Steve Ingram 0-0: Called Strike
0-1: Ball
1-1: Foul Ball, location: 2F
1-2: Ball
2-2: Ball
3-2: Strikes out swinging
Top of the 9th over - 0 run(s), 0 hit(s), 0 error(s), 1 left on base; New Amsterdam 7 - Portland 1
BOTTOM OF THE 9TH
Portland Evergreens batting - Pitching for New Amsterdam Dutchmen : LHP António Hernández
Pitching: RHP Ron Madison
Batting: RHB Silvio Bonauiti 0-0: Ball
1-0: Called Strike
1-1: Foul Ball, location: 2F
1-2: SINGLE (Groundball, 4D)
Batting: LHB Gabriel Díaz 0-0: Ball
1-0: Ball
2-0: Fielders Choice at 2nd, 4-6 (Groundball, 4M)
Batting: LHB John Ennis 0-0: Ball
Wild Pitch!
Gabriel Díaz to second
1-0: Foul Ball, location: 2F
1-1: Ground out 6-3 (Groundball, 6S)
Gabriel Díaz to third
Batting: LHB José Ruíz 0-0: Foul Ball, location: 2F
0-1: Ball
1-1: Fly out, F9 (Flyball, 9S)
Bottom of the 9th over - 0 run(s), 1 hit(s), 0 error(s), 1 left on base; New Amsterdam 7 - Portland 1
Saturday, May 26th, 2018 - OOTP Baseball 17.12 Build 75